 Dungeon Crawl Stone Soup version 0.27.1-1-g398f81649c (webtiles) character file.

Game seed: 5782438292194296447

187 101zpm the Shield-Bearer (level 5, 0/33 HPs)
             Began as a Gargoyle Fighter on Sept 19, 2021.
             Slain by a shadow imp (3 damage)
             ... summoned by Eustachio
             ... on level 4 of the Dungeon.
             The game lasted 00:02:42 (1818 turns).

101zpm the Shield-Bearer (Gargoyle Fighter)         Turns: 1818, Time: 00:02:42

Health: 0/33       AC: 11    Str: 20    XL:     5   Next: 66%
Magic:  5/5        EV:  7    Int:  9    God:
Gold:   35         SH:  9    Dex:  9    Spells: 4/4 levels left

rFire    . . .     SeeInvis .   m - +0 mace (protect)
rCold    . . .     Faith    .   c - +0 kite shield
rNeg     + . .     Spirit   .   b - +0 scale mail
rPois    ∞         Reflect  .   (no helmet)
rElec    +         Harm     .   (no cloak)
rCorr    .         Rampage  .   (no gloves)
Will     .....                  (no boots)
Stlth    ..........             (no amulet)
HPRegen  0.11/turn              (no ring)
MPRegen  0.09/turn              (no ring)

@: no status effects
A: sickness immunity, AC +4, negative energy resistance 1, electricity
resistance, torment resistance 1, petrification resistance
a: no special abilities


You were on level 4 of the Dungeon.
You visited 1 branch of the dungeon, and saw 5 of its levels.

You collected 35 gold pieces.

Inventory:

Hand Weapons
 m - a +0 mace of protection (weapon)
Armour
 b - a +0 scale mail (worn)
 c - a +0 kite shield (worn)
Jewellery
 i - a +6 ring of dexterity
Scrolls
 e - 5 scrolls of teleportation {unknown}
 f - a scroll of silence {unknown}
 h - a scroll of amnesia {unknown}
 k - a scroll of identify {unknown}
 l - a scroll of immolation {unknown}
Potions
 d - a potion of might
 g - a potion of mutation {unknown}
 j - a potion of heal wounds {unknown}


   Skills:
 + Level 4.0 Fighting
 + Level 3.7 Maces & Flails
 + Level 4.2 Armour
 + Level 0.5 Dodging
 + Level 4.3 Shields


You had 4 spell levels left.
You didn't know any spells.
Your spell library was empty.

Dungeon Overview and Level Annotations

Branches:
Dungeon (5/15)
 Temple: D:4-7

Altars:
Ashenzari
Makhleb

Annotations:
D:4 Eustachio


Innate Abilities, Weirdness & Mutations

You are immune to sickness and miasma.
Your stone body is resilient. (AC +4)
You are immune to poison.
You resist negative energy. (rN+)
You are resistant to electric shocks. (rElec)
You are resistant to unholy torment.
You are immune to petrification.


Message History

The shadow imp barely misses you. Eustachio barely misses you.
You hit Eustachio.
Eustachio is heavily wounded.
The shadow imp hits you but does no damage.
Eustachio casts a spell.
Eustachio blinks!
You hit the river rat.
The river rat is lightly wounded.
You block the shadow imp's attack.
The river rat bites you but does no damage.
You block the shadow imp's attack. The river rat barely misses you.
Your shield and scale mail prevent you from hitting the river rat.
The river rat is lightly wounded.
Eustachio mumbles some strange words.
Eustachio blinks!
The shadow imp shouts, "Remove thy stench, thou foppish idle-headed foot-licker!"
The shadow imp gestures at you.
You barely resist. You block the river rat's attack.
You hit the shadow imp.
The shadow imp is heavily wounded.
You block the shadow imp's attack. You block the river rat's attack.
The shadow imp closely misses you. The river rat barely misses you.
You hit the shadow imp.
The shadow imp is almost dead.
You block the shadow imp's attack. You block the river rat's attack.
You completely miss the shadow imp.
The shadow imp is almost dead.
The shadow imp hits you but does no damage.
The river rat completely misses you.
The shadow imp disappears for a moment.
The shadow imp gestures at you.
You barely resist.
Your scale mail prevents you from hitting the shadow imp.
The shadow imp is almost dead.
The river rat bites you but does no damage.
You block the shadow imp's attack. The river rat barely misses you.
You closely miss the shadow imp.
The shadow imp is almost dead.
The shadow imp hits you.
You die...

.S.?..§§w..#########
...................####
###....§..^...........>
####.............####
###..........<# #
##r..........
#...........
#######r..........
#$.5@rb5@.$.......
.......#######.........
####### #........
#.(r..... #........
#........ #(.......
#########


You could see Eustachio, 2 river rats, 2 shadow imps and a bat (summoned).

Vanquished Creatures
  An orc priest (D:2)
  2 jellies (D:4)
  A hound (D:4)
  3 adders (D:3)
  An ufetubus (D:4)
  2 worms
  A dart slug (D:4)
  6 orcs
  4 ball pythons
  2 bats
  2 endoplasms (D:3)
  A kobold (D:4)
  2 quokkas (D:4)
  A frilled lizard (D:2)
  2 rats (D:3)
31 creatures vanquished.

Notes
Turn   | Place    | Note
-------+----------+-------------------------------------------
     0 | D:1      | 101zpm the Gargoyle Fighter began the quest for the Orb.
     0 | D:1      | Reached XP level 1. HP: 14/14 MP: 1/1
   219 | D:3      | Found a broken altar of Ashenzari.
   240 | D:3      | Reached XP level 2. HP: 12/19 MP: 2/2
   536 | D:3      | Reached XP level 3. HP: 18/23 MP: 3/3
   614 | D:4      | Noticed Eustachio
   614 | D:4      | Found a burning altar of Makhleb.
   618 | D:5      | Entered Level 5 of the Dungeon
  1253 | D:2      | Reached XP level 4. HP: 12/29 MP: 4/4
  1530 | D:2      | You fall into a shaft and drop 2 floors!
  1561 | D:4      | Reached XP level 5. HP: 29/33 MP: 5/5
  1809 | D:4      | HP: 1/33 [Eustachio (2)]
  1818 | D:4      | Slain by a shadow imp

Illustrated notes

Levels and vault maps discovered:
D:1:      minmay_arrival_widening_spiral_wide, layout_basic,
          dreamdust_ecumenical_altar_hidden_monk_grotto, minivault_4
D:2:      layout_loops_cross, item_on_display_a
D:3:      layout_rooms, ashenzari_altar_1
D:4:      layout_rooms, bloody_makhleb, minmay_temple_entry_junction,
          uniq_eustachio
D:5:      layout_loops_ring, portal_sewer_entry_a

Skill      XL: |  1  2  3  4  5 |
---------------+----------------+-----
Armour         | 4 |  4.2
Maces & Flails | 3 |  3.7
Shields        | 4 |  4.3
Fighting       | 4 |  4.0
Dodging        | |  0.5

Action                   |  1- 3 |  4- 6 || total
-------------------------+-------+-------++-------
Melee: Flail             |    73 |    30 ||   103
       Mace              |       |    79 ||    79
Armor: Scale mail        |    34 |    55 ||    89
Dodge: Dodged            |    18 |    44 ||    62
Block: Kite shield       |    41 |    65 ||   106
